 Dungeon Crawl Stone Soup version 0.18-a0-316-gf882de5 (webtiles) character file.

314 Raultor the Changer (level 6, -3/38 HPs)
             Began as an Octopode Transmuter on Nov 27, 2015.
             Slain by a scorpion (9 damage)
             ... on level 4 of the Dungeon.
             The game lasted 00:08:18 (3597 turns).

Raultor the Changer (Octopode Transmuter)           Turns: 3597, Time: 00:08:18

Health: -3/38      AC:  1    Str: 11    XL:     6   Next: 43%
Magic:  9/9        EV: 12    Int: 16    God:
Gold:   124        SH:  0    Dex: 12    Spells: 1 memorised, 8 levels left

rFire  . . .     SeeInvis .       - Unarmed
rCold  . . .     Clarity  .     (no shield)
rNeg   . . .     SustAt   .     (helmet restricted)
rPois  +         Gourm    .     (no amulet)
rElec  .         Spirit   .     d - ring of poison resistance
rCorr  .         Warding  .     o - ring of stealth
rMut   .         Stasis   .     (no ring)
MR     .....                    (no ring)
Stlth  +++.......               (no ring)
                                (no ring)
                                (no ring)
                                (no ring)

@: not resistant to hostile enchantments, fairly stealthy
A: almost no armour, amphibious, 8 rings, constrict 8, camouflage 1, gelatinous
body 1
a: no special abilities


You were on level 4 of the Dungeon.
You were not hungry.

You visited 1 branch of the dungeon, and saw 4 of its levels.

You collected 124 gold pieces.

Inventory:

Hand Weapons
 a - a +0 blowgun
Missiles
 b - 10 poisoned needles
 t - 12 arrows
Jewellery
 d - a ring of poison resistance (left tentacle)
 o - a ring of stealth (right tentacle)
Wands
 n - a wand of flame (14)
Scrolls
 e - a scroll of enchant weapon {unknown}
 f - 2 scrolls of remove curse {unknown}
 g - a scroll of enchant armour {unknown}
 h - 4 scrolls of random uselessness {unknown}
 k - 3 scrolls of blinking {unknown}
 l - a scroll of teleportation {unknown}
 m - a scroll of magic mapping {unknown}
 v - a scroll of noise {unknown}
Potions
 p - a potion of agility {unknown}
Books
 u - a book of Changes

   Spells                             Type                      Level
   a - Beastly Appendage              Transmutation                1
   b - Sticks to Snakes               Transmutation                2
   c - Spider Form                    Transmutation/Poison         3
   d - Ice Form                       Ice/Transmutation            4
   e - Blade Hands                    Transmutation                5
Comestibles
 c - 5 bread rations
 i - a meat ration
 j - a beef jerky


   Skills:
 - Level 1.0 Fighting
 - Level 2.0 Dodging
 - Level 5.0 Unarmed Combat
 - Level 2.0 Spellcasting
 + Level 5.1 Transmutations


You had 8 spell levels left.
You knew the following spells:

 Your Spells              Type           Power        Failure   Level  Hunger
a - Beastly Appendage     Trmt           ###...       2%          1    #......


Dungeon Overview and Level Annotations

Branches:
Dungeon (4/15)
 Temple: D:4-7

Altars:
Cheibriados
Sif Muna

Annotations:
D:3 Sigmund


Innate Abilities, Weirdness & Mutations

You cannot wear most types of armour.
You are amphibious.
You can wear up to eight rings at the same time.
You can use your tentacles to constrict eight enemies at once.
Your skin changes colour to match your surroundings (Stealth).
Your rubbery body absorbs attacks (AC +1).


Message History

You tentacle-slap the scorpion but do no damage.
You constrict the scorpion. The scorpion stings you!
You tentacle-slap the scorpion but do no damage.
You tentacle-slap the scorpion, but do no damage.
The scorpion is lightly wounded.
You constrict the scorpion. The scorpion stings you.
You tentacle-slap the scorpion but do no damage.
You squeeze the scorpion, but do no damage.
The scorpion is lightly wounded.
You constrict the scorpion. The scorpion stings you!
You tentacle-slap the scorpion.
The scorpion is moderately wounded.
You constrict the scorpion. The scorpion stings you.
* * * LOW HITPOINT WARNING * * *
You are too injured to fight recklessly!
You barely miss the scorpion.
You squeeze the scorpion, but do no damage.
The scorpion is heavily wounded.
You constrict the scorpion. The scorpion stings you!
You die...

♣.♣♣♣♣.♣
♣.♣ ♣)♣
♣.♣♣ ♣♣.
♣♣.♣ ♣
♣.♣♣
♣♣.♣
♣.♣♣
♣♣.♣
♣@♣♣ ♣♣
♣♣s♣♣.♣
♣♣...♣
♣♣♣...♣
(...♣
s.!.♣
....♣
♣..♣♣
♣♣♣


You could see a scorpion.

Vanquished Creatures
  2 ogres (D:4)
  An orc priest (D:3)
  4 adders
  4 worms
  8 orcs
  A ball python (D:4)
  7 bats
  9 goblins
  5 hobgoblins
  8 kobolds
  2 giant cockroaches (D:4)
  A giant gecko (D:4)
  A giant newt (D:1)
  2 jackals (D:3)
  A quokka (D:4)
  7 rats
63 creatures vanquished.

Notes
Turn   | Place    | Note
--------------------------------------------------------------
     0 | D:1      | Raultor the Octopode Transmuter began the quest for the Orb.
     0 | D:1      | Reached XP level 1. HP: 13/13 MP: 3/3
   138 | D:1      | Reached XP level 2. HP: 12/18 MP: 5/5
   626 | D:1      | You fall through a shaft!
  1196 | D:2      | Reached XP level 3. HP: 7/23 MP: 4/6
  1864 | D:2      | Found a deep blue altar of Sif Muna.
  2236 | D:3      | Reached skill level 4 in Unarmed Combat
  2236 | D:3      | Reached XP level 4. HP: 21/28 MP: 7/7
  2512 | D:3      | Noticed Sigmund
  2812 | D:3      | Reached XP level 5. HP: 3/33 MP: 8/8
  3165 | D:4      | Found a snail-covered altar of Cheibriados.
  3242 | D:4      | Noticed an ogre
  3254 | D:4      | Killed an ogre
  3254 | D:4      | Reached skill level 5 in Unarmed Combat
  3254 | D:4      | Reached XP level 6. HP: 5/38 MP: 9/9
  3589 | D:4      | Reached skill level 5 in Transmutations
  3597 | D:4      | Slain by a scorpion

Vault maps used:
D:1:      roderic_crop_circles_arrival_small, grunt_decor_arrowhead
D:2:      led_sif_pool, first_bread, grunt_ministairs_12
D:3:      minivault_27, minmay_strange_pillars, minivault_11, minmay_cut_off,
          uniq_sigmund
D:4:      forest_paths, cheibriados_altar_1, gammafunk_temple_overflow_wave,
          grunt_dithmenos_smoke_and_mirrors, uniq_edmund

Action                   |  1- 3 |  4- 6 || total
-------------------------+-------+-------++-------
Melee: Unarmed           |    71 |    78 ||   149
 Fire: Blowgun           |       |    11 ||    11
 Cast: Beastly Appendage |     2 |       ||     2
  Use: Potion            |       |     3 ||     3
 Stab: Sleeping          |     5 |     5 ||    10
  Eat: Chunk             |     3 |     5 ||     8
